[Event "9th RTU Rapid 2019"]
[Site "Riga"]
[Date "2019.08.04"]
[Round "3.10"]
[White "Radkov, Bazhen D."]
[Black "Gagare, Shardul"]
[Result "0-1"]
[WhiteElo "2133"]
[BlackElo "2430"]
[PlyCount "66"]
[EventDate "2019.08.05"]
[EventType "swiss"]
[EventCountry "LAT"]
[TimeControl "5400+30"]
[WhiteClock "0:06:03"]
[BlackClock "0:00:20"]

1. d4 Nf6 2. c4 e6 3. Nf3 d5 4. e3 Be7 5. Nc3 O-O 6. b3 c5 7. Bb2 Nc6 8. Bd3 cxd4 9. exd4 b6 10. O-O Bb7 11. Rc1 Rc8 12. Qe2 Re8 13. Rfd1 Bf8 14. Qe3 g6 15. Ne2 Bg7 16. h3 Ba6 17. Ne5 dxc4 18. Nxc6 Rxc6 19. bxc4 Qc8 20. Rc2 Bxc4 21. Rdc1 b5 22. a4 a6 23. axb5 axb5 24. Qd2 Nd5 25. Ba3 Qa6 26. Bc5 Bxd3 27. Qxd3 b4 28. Qb3 Rec8 29. Ng3 Qa3 30. Qxa3 bxa3 31. Ra2 Bxd4 32. Bxd4 Rxc1+ 33. Kh2 Ra8 0-1

[Event "9th RTU Rapid 2019"]
[Site "Riga"]
[Date "2019.08.04"]
[Round "3.11"]
[White "Kopylov, Michael"]
[Black "Solys, Laimutis"]
[Result "1-0"]
[WhiteElo "2414"]
[BlackElo "2143"]
[PlyCount "55"]
[EventDate "2019.08.05"]
[EventType "swiss"]
[EventCountry "LAT"]
[TimeControl "5400+30"]
[WhiteClock "0:00:57"]
[BlackClock "0:04:27"]

1. d4 d5 2. c4 e6 3. Nf3 c5 4. g3 Nf6 5. Bg2 Nc6 6. O-O Be7 7. cxd5 exd5 8. dxc5 Bxc5 9. Nc3 O-O 10. Bg5 d4 11. Ne4 Be7 12. Bxf6 Bxf6 13. b4 d3 14. Nxf6+ Qxf6 15. Qxd3 Nxb4 16. Qb3 Nc6 17. Rac1 Rb8 18. Rfd1 Be6 19. Qa4 Rfd8 20. e3 a6 21. Nd2 Ne5 22. Ne4 Qe7 23. Rxd8+ Rxd8 24. Qa5 Nc6 25. Qb6 Bxa2 26. Nc5 Bd5 27. Nxb7 Rb8 28. Bxd5 1-0

[Event "9th RTU Rapid 2019"]
[Site "Riga"]
[Date "2019.08.04"]
[Round "3.12"]
[White "Gudovskis, Konstantins"]
[Black "Korchmar, Vasiliy"]
[Result "0-1"]
[WhiteElo "2015"]
[BlackElo "2413"]
[PlyCount "130"]
[EventDate "2019.08.05"]
[EventType "swiss"]
[EventCountry "LAT"]
[TimeControl "5400+30"]
[WhiteClock "0:01:32"]
[BlackClock "0:00:07"]

1. d4 Nf6 2. c4 g6 3. Nc3 d5 4. Nf3 Bg7 5. Bg5 Ne4 6. cxd5 Nxg5 7. Nxg5 e6 8. Nf3 exd5 9. e3 O-O 10. b4 c6 11. Qb3 Nd7 12. Be2 Nb6 13. b5 Be6 14. bxc6 bxc6 15. Na4 Nxa4 16. Qxa4 c5 17. Rb1 c4 18. Rb7 Rb8 19. Rxa7 Rb2 20. Bd1 Bf5 21. O-O Qb8 22. Ne1 Be4 23. Ra5 Rc8 24. Bc2 Bxc2 25. Nxc2 Rb1 26. Rxd5 Rxf1+ 27. Kxf1 Qxh2 28. Qd7 Rb8 29. Rb5 Rf8 30. Qd5 c3 31. Rb7 Qh1+ 32. Ke2 Qc1 33. Qb3 Qd2+ 34. Kf3 h5 35. Nb4 g5 36. g3 h4 37. gxh4 gxh4 38. Rc7 Qe1 39. Qxc3 Qh1+ 40. Kg4 h3 41. Qc6 Qh2 42. Rc8 f5+ 43. Kh4 Qxf2+ 44. Kxh3 Qxe3+ 45. Kg2 Qd2+ 46. Kf3 Qxb4 47. Rxf8+ Qxf8 48. d5 Bh6 49. Qe6+ Kh7 50. d6 Qa8+ 51. Kf2 Qa7+ 52. Kf1 Qa6+ 53. Kf2 Qb6+ 54. Kf1 Qb1+ 55. Ke2 Qc2+ 56. Kf3 Qd3+ 57. Kf2 Qd4+ 58. Kf3 Qd3+ 59. Kf2 Bg7 60. Qe7 Kg6 61. Qe8+ Kg5 62. Qe6 Bd4+ 63. Ke1 Qe4+ 64. Qxe4 fxe4 65. d7 Bb6 0-1

[Event "9th RTU Rapid 2019"]
[Site "Riga"]
[Date "2019.08.04"]
[Round "3.13"]
[White "Galchenko, Matvey"]
[Black "Ioannidis, Evgenios"]
[Result "0-1"]
[WhiteElo "2360"]
[BlackElo "2134"]
[PlyCount "87"]
[EventDate "2019.08.05"]
[EventType "swiss"]
[EventCountry "LAT"]
[TimeControl "5400+30"]
[WhiteClock "0:01:42"]
[BlackClock "0:00:14"]

1. f4 d5 2. Nf3 Bg4 3. Ne5 Bf5 4. c4 dxc4 5. Nc3 Nf6 6. Qa4+ Nbd7 7. Qxc4 Nxe5 8. fxe5 Nd7 9. g4 Be6 10. Qf4 c6 11. Bg2 h6 12. d4 Qb6 13. O-O g5 14. Qe4 Bg7 15. Be3 Qxb2 16. Qd3 Nb6 17. Rfb1 Qa3 18. Bc1 Qa5 19. Bd2 Nc4 20. Be1 Qa6 21. d5 Rd8 22. e4 Bxg4 23. Qg3 Nxe5 24. Bf1 Qa3 25. Rb3 Qd6 26. Bg2 O-O 27. Rxb7 Bc8 28. Rxa7 cxd5 29. Nxd5 Nc6 30. Qxd6 Rxd6 31. Rd1 Rxd5 32. exd5 Nxa7 33. a4 Bd7 34. a5 Nb5 35. Bb4 Nd6 36. Rd2 Rb8 37. Bc5 Rb5 38. Bxd6 exd6 39. Ra2 Bd4+ 40. Kf1 Bc8 41. Ra4 Ba6 42. Ke1 Bc3+ 43. Kd1 Rxa5 44. Ra1 0-1

[Event "9th RTU Rapid 2019"]
[Site "Riga"]
[Date "2019.08.04"]
[Round "3.14"]
[White "Martynyuk, Elizaveta"]
[Black "Suleymenov, Alisher"]
[Result "0-1"]
[WhiteElo "2125"]
[BlackElo "2348"]
[PlyCount "102"]
[EventDate "2019.08.05"]
[EventType "swiss"]
[EventCountry "LAT"]
[TimeControl "5400+30"]
[WhiteClock "0:00:48"]
[BlackClock "0:00:10"]

1. e4 c5 2. Nf3 d6 3. d4 cxd4 4. Nxd4 Nf6 5. Nc3 Nc6 6. Bg5 e6 7. Qd2 a6 8. O-O-O Bd7 9. Kb1 Be7 10. Bxf6 Bxf6 11. Nxc6 Bxc6 12. Qxd6 Qb6 13. Qa3 Be7 14. Qb3 Qxf2 15. Bc4 O-O 16. Rhf1 Qc5 17. a4 b5 18. axb5 axb5 19. Nxb5 Rab8 20. Rxf7 Rxf7 21. Bxe6 Qxb5 22. Bxf7+ Kf8 23. Qxb5 Rxb5 24. Bd5 Bxd5 25. exd5 Bf6 26. b3 Ke7 27. Rd3 Ra5 28. Kc1 Kd6 29. c4 Ra1+ 30. Kd2 Ra2+ 31. Ke3 Rxg2 32. b4 Rb2 33. b5 Rb4 34. c5+ Kxc5 35. d6 Rxb5 36. d7 Rb8 37. Ke4 Kc6 38. Kf5 Rb5+ 39. Ke6 Re5+ 40. Kf7 Re7+ 41. Kg8 Rxd7 42. Rxd7 Kxd7 43. Kxh7 Ke7 44. Kg6 Kf8 45. h3 Kg8 46. Kf5 Kh7 47. Kf4 Kh6 48. Kg4 g6 49. h4 Be7 50. Kg3 Kh5 51. Kh3 Bxh4 0-1

[Event "9th RTU Rapid 2019"]
[Site "Riga"]
[Date "2019.08.04"]
[Round "3.15"]
[White "Maltsevskaya, Aleksandra"]
[Black "Rudovskii, Filipp"]
[Result "1-0"]
[WhiteElo "2321"]
[BlackElo "2127"]
[PlyCount "133"]
[EventDate "2019.08.05"]
[EventType "swiss"]
[EventCountry "LAT"]
[TimeControl "5400+30"]
[WhiteClock "0:00:39"]
[BlackClock "0:04:07"]

1. Nf3 Nf6 2. g3 g6 3. Bg2 Bg7 4. O-O O-O 5. d4 d5 6. c4 Nc6 7. cxd5 Nxd5 8. Nc3 Nb6 9. e3 Bg4 10. h3 Bxf3 11. Qxf3 e5 12. dxe5 Bxe5 13. Qe2 Qe7 14. Bd2 Rad8 15. Rfd1 Nb4 16. Be1 c6 17. a3 N4d5 18. Nxd5 Nxd5 19. Bxd5 Rxd5 20. Rxd5 cxd5 21. Bb4 Bd6 22. Bxd6 Qxd6 23. Rd1 Qc5 24. Rd4 Rd8 25. Qd2 f5 26. Kg2 Rd6 27. g4 fxg4 28. hxg4 Qc8 29. Rf4 Qe6 30. Qd4 b6 31. Qd1 Rc6 32. Qf3 Kg7 33. Rd4 Rd6 34. Qf4 Rd7 35. Qf3 h6 36. Qd1 Rf7 37. Rxd5 Qe4+ 38. Kg3 Kh7 39. Rd4 Qe5+ 40. Kg2 Qf6 41. Rf4 Qc6+ 42. Qf3 Qxf3+ 43. Kxf3 Rc7 44. Rd4 Kg7 45. Ke2 Kf6 46. f4 h5 47. gxh5 gxh5 48. Kf3 Rc2 49. Rd6+ Ke7 50. Rh6 Rxb2 51. Rxh5 Kf6 52. Rh6+ Kg7 53. Rc6 a5 54. a4 Rb4 55. e4 b5 56. axb5 Rxb5 57. Ra6 Kf7 58. Kg4 Ke7 59. e5 Kf7 60. Kf5 Ke7 61. Ra7+ Kd8 62. Kf6 Rb4 63. f5 a4 64. e6 Re4 65. e7+ Ke8 66. Ra8+ Kd7 67. Rd8+ 1-0

[Event "9th RTU Rapid 2019"]
[Site "Riga"]
[Date "2019.08.04"]
[Round "3.16"]
[White "Gagare, Shalmali"]
[Black "Nesteretz, Anatoliy"]
[Result "1-0"]
[WhiteElo "1984"]
[BlackElo "2317"]
[PlyCount "59"]
[EventDate "2019.08.05"]
[EventType "swiss"]
[EventCountry "LAT"]
[TimeControl "5400+30"]
[WhiteClock "0:00:07"]
[BlackClock "0:01:59"]

1. c4 b6 2. Nf3 Bb7 3. g3 Bxf3 4. exf3 e6 5. Bg2 Nf6 6. O-O Be7 7. f4 d5 8. f5 exf5 9. cxd5 Bd6 10. Re1+ Kf8 11. Qc2 g6 12. Nc3 a6 13. Ne2 Kg7 14. b3 Nbd7 15. Nd4 Re8 16. Bb2 Rxe1+ 17. Rxe1 Qf8 18. Nxf5+ gxf5 19. Qxf5 Kg8 20. Bxf6 Nxf6 21. Qxf6 Qg7 22. Qf5 Kf8 23. Qe4 h6 24. Bh3 Rd8 25. Re3 Qg6 26. Bf5 Qf6 27. Rf3 Re8 28. Be6 Qg7 29. Qh4 Re7 30. Rxf7+ 1-0

[Event "9th RTU Rapid 2019"]
[Site "Riga"]
[Date "2019.08.04"]
[Round "3.17"]
[White "Miedema, David"]
[Black "Vaskevicius, Augustas"]
[Result "1-0"]
[WhiteElo "2313"]
[BlackElo "2022"]
[PlyCount "89"]
[EventDate "2019.08.05"]
[EventType "swiss"]
[EventCountry "LAT"]
[TimeControl "5400+30"]
[WhiteClock "0:00:12"]
[BlackClock "0:01:10"]

1. e4 e5 2. Nf3 Nc6 3. Bb5 Nf6 4. O-O Nxe4 5. d4 Nd6 6. Bxc6 dxc6 7. dxe5 Nf5 8. Qxd8+ Kxd8 9. h3 h5 10. Nc3 Ke8 11. Bf4 Be7 12. Ne2 Be6 13. Ned4 Nxd4 14. Nxd4 Rd8 15. Be3 Rd5 16. Rae1 Bc5 17. Nf3 Bxe3 18. Rxe3 Ke7 19. Ne1 Rd2 20. f4 g6 21. Rf2 Rhd8 22. Nd3 Rd1+ 23. Kh2 Bf5 24. Nc5 b6 25. Na6 R8d2 26. Ree2 Rxe2 27. Rxe2 Rd4 28. Kg3 Ra4 29. Nb8 Rxa2 30. c3 c5 31. Rd2 a5 32. Nc6+ Ke6 33. Nd8+ Ke7 34. Nc6+ Ke6 35. Kh4 Be4 36. Nd8+ Ke7 37. g4 hxg4 38. hxg4 a4 39. Kg5 a3 40. f5 axb2 41. f6+ Ke8 42. e6 fxe6 43. f7+ Ke7 44. Rf2 Kf8 45. Nxe6+ 1-0

[Event "9th RTU Rapid 2019"]
[Site "Riga"]
[Date "2019.08.04"]
[Round "3.18"]
[White "Lavendelis, Egons"]
[Black "Pavlovs, Nikita"]
[Result "1-0"]
[WhiteElo "2292"]
[BlackElo "1845"]
[PlyCount "69"]
[EventDate "2019.08.05"]
[EventType "swiss"]
[EventCountry "LAT"]
[TimeControl "5400+30"]
[WhiteClock "0:00:17"]
[BlackClock "0:06:11"]

1. e4 d6 2. d4 Nf6 3. Nc3 g6 4. Be3 Bg7 5. f3 c6 6. a4 O-O 7. Qd2 Nbd7 8. g4 e5 9. h4 h5 10. g5 Ne8 11. dxe5 dxe5 12. Bc5 Nc7 13. Bxf8 Qxf8 14. Bc4 a5 15. O-O-O Nc5 16. Qd8 Be6 17. Qxf8+ Kxf8 18. Bxe6 N7xe6 19. Nge2 Ke7 20. b3 Nd4 21. Nxd4 exd4 22. Ne2 Rd8 23. Nf4 Be5 24. Nd3 Nxd3+ 25. Rxd3 Rd6 26. Kd1 c5 27. Ke2 b6 28. Rdd1 Bf4 29. Kd3 Ke6 30. Kc4 Be5 31. Rhf1 Bg3 32. f4 Bxh4 33. Rd3 f6 34. gxf6 Bxf6 35. e5 1-0

[Event "9th RTU Rapid 2019"]
[Site "Riga"]
[Date "2019.08.04"]
[Round "3.19"]
[White "Hasani, Takin"]
[Black "Grinev, Valeriy"]
[Result "0-1"]
[WhiteElo "1849"]
[BlackElo "2287"]
[PlyCount "56"]
[EventDate "2019.08.05"]
[EventType "swiss"]
[EventCountry "LAT"]
[TimeControl "5400+30"]
[WhiteClock "0:00:20"]
[BlackClock "0:00:32"]

1. e4 c5 2. Nf3 e6 3. d4 cxd4 4. Nxd4 a6 5. Nc3 Qc7 6. g3 Bb4 7. Bd2 Nf6 8. Bg2 Nc6 9. Nb3 Be7 10. O-O d6 11. Be3 b5 12. a3 Bb7 13. f4 Nd7 14. g4 Nb6 15. g5 Nc4 16. Bc1 g6 17. f5 gxf5 18. exf5 N6e5 19. fxe6 fxe6 20. Bh3 Qc6 21. Qh5+ Kd8 22. Bf4 Rf8 23. Ne2 Qh1+ 24. Kf2 Rxf4+ 25. Nxf4 Qxh2+ 26. Ke1 Qg3+ 27. Ke2 Qe3+ 28. Kd1 Nxb2# 0-1

[Event "9th RTU Rapid 2019"]
[Site "Riga"]
[Date "2019.08.04"]
[Round "3.20"]
[White "Dubrovin, Robert"]
[Black "Jonsson, Gauti Pall"]
[Result "1-0"]
[WhiteElo "2282"]
[BlackElo "2080"]
[PlyCount "95"]
[EventDate "2019.08.05"]
[EventType "swiss"]
[EventCountry "LAT"]
[TimeControl "5400+30"]
[WhiteClock "0:00:40"]
[BlackClock "0:02:49"]

1. d4 Nf6 2. c4 b6 3. Nf3 Bb7 4. g3 g6 5. Bg2 Bg7 6. O-O O-O 7. Nc3 Ne4 8. Nxe4 Bxe4 9. Be3 d5 10. Rc1 Nd7 11. Qb3 e6 12. Rfd1 c6 13. Bf4 Qe7 14. cxd5 Bxd5 15. Qc2 f5 16. h4 Be4 17. Qb3 Bd5 18. Qc2 Be4 19. Qa4 Rfc8 20. Ng5 Bxg2 21. Kxg2 h6 22. Nf3 b5 23. Qb3 Nb6 24. Rc2 Nd5 25. Be5 Bf8 26. Rdc1 Qd7 27. a3 a6 28. Qd3 Ne7 29. Nd2 Bg7 30. Bxg7 Kxg7 31. Nf3 Rc7 32. Rc5 Rd8 33. e3 Qd6 34. Ne5 Rdc8 35. Qc3 Nd5 36. Qa5 g5 37. hxg5 hxg5 38. Qxa6 Ne7 39. Rxb5 Rh8 40. Rbc5 f4 41. exf4 gxf4 42. Qe2 Qxd4 43. R1c4 Qd6 44. Qg4+ Kf8 45. Rxf4+ Ke8 46. Qg7 Rg8 47. Qf7+ Kd8 48. Qf8+ 1-0

[Event "9th RTU Rapid 2019"]
[Site "Riga"]
[Date "2019.08.04"]
[Round "3.21"]
[White "Evchin, Maxim"]
[Black "Gukesh D"]
[Result "1/2-1/2"]
[WhiteElo "2269"]
[BlackElo "1683"]
[PlyCount "86"]
[EventDate "2019.08.05"]
[EventType "swiss"]
[EventCountry "LAT"]
[TimeControl "5400+30"]
[WhiteClock "0:00:09"]
[BlackClock "0:02:50"]

1. d4 Nf6 2. Bg5 Ne4 3. Bf4 c5 4. f3 Qa5+ 5. c3 Nf6 6. d5 d6 7. e4 g6 8. Na3 Bg7 9. Qd2 O-O 10. Nc4 Qd8 11. a4 Nbd7 12. Nh3 Nb6 13. Nf2 Bd7 14. a5 Nxc4 15. Bxc4 b5 16. axb6 axb6 17. O-O b5 18. Be2 Qb6 19. Be3 Qb7 20. f4 Rxa1 21. Rxa1 Ra8 22. Qd1 Ne8 23. h4 Nc7 24. h5 b4 25. Rxa8+ Nxa8 26. hxg6 hxg6 27. e5 bxc3 28. bxc3 dxe5 29. fxe5 Bxe5 30. Ne4 Qb2 31. Bxc5 Bf5 32. d6 exd6 33. Bxd6 Qb6+ 34. Bc5 Qc7 35. Bd6 Qb6+ 36. Bc5 Qc7 37. Bd6 Qb6+ 38. Bc5 Qa5 39. Bb4 Qa7+ 40. Bc5 Qc7 41. Bd6 Bxd6 42. Nxd6 Be6 43. Qd4 Qb6 {[%emt 0:00:29] Qd1 [%emt 00:00:05]} 1/2-1/2

[Event "9th RTU Rapid 2019"]
[Site "Riga"]
[Date "2019.08.04"]
[Round "3.22"]
[White "Dhyana Patel"]
[Black "Chibukhchyan, Erik"]
[Result "1-0"]
[WhiteElo "1900"]
[BlackElo "2231"]
[PlyCount "99"]
[EventDate "2019.08.05"]
[EventType "swiss"]
[EventCountry "LAT"]
[TimeControl "5400+30"]
[WhiteClock "0:00:19"]
[BlackClock "0:01:30"]

1. e4 e5 2. Nf3 Nc6 3. Bb5 a6 4. Bxc6 dxc6 5. O-O Qd6 6. Na3 b5 7. Qe2 Bg4 8. c3 Rd8 9. h3 Bxf3 10. Qxf3 Qd3 11. Qf5 Bxa3 12. bxa3 f6 13. a4 Ne7 14. Qg4 Kf7 15. Re1 h5 16. Qd1 g5 17. axb5 cxb5 18. a4 Kg6 19. Re3 Qc4 20. Qf3 bxa4 21. Ba3 c5 22. Qd1 Rb8 23. d4 cxd4 24. cxd4 Nc6 25. Rc1 Qb5 26. Rc5 Qb1 27. Rc1 Qb5 28. Rc5 Qb1 29. Rc1 Qb6 30. Bc5 Qb5 31. d5 Na5 32. Bd6 Rbc8 33. Rb1 Nb3 34. Ba3 Qd7 35. Qe2 Qb5 36. Qf3 Nd4 37. Qd1 Qd7 38. Rb6 Rc4 39. Bb2 Rhc8 40. Kh2 Qa7 41. Rd6 Qb8 42. Ba3 Nb5 43. Rxa6 Nxa3 44. Rxa3 Rd4 45. Qf3 Rf8 46. Qf5+ Kg7 47. Rg3 g4 48. hxg4 h4 49. Rh3 Qc8 50. Ra7+ 1-0

[Event "9th RTU Rapid 2019"]
[Site "Riga"]
[Date "2019.08.04"]
[Round "3.23"]
[White "Ciolek, Andreas"]
[Black "Mohite, Ranveer"]
[Result "0-1"]
[WhiteElo "2158"]
[BlackElo "1935"]
[PlyCount "110"]
[EventDate "2019.08.05"]
[EventType "swiss"]
[EventCountry "LAT"]
[TimeControl "5400+30"]
[WhiteClock "0:00:42"]
[BlackClock "0:00:49"]

1. e4 e5 2. Nf3 Nc6 3. Bb5 a6 4. Ba4 Nf6 5. O-O Be7 6. Re1 b5 7. Bb3 d6 8. c3 O-O 9. h3 Nb8 10. d4 Nbd7 11. Nbd2 Bb7 12. d5 Re8 13. Nf1 Bf8 14. Ng3 g6 15. Bc2 c6 16. dxc6 Bxc6 17. a4 Nc5 18. axb5 axb5 19. Rxa8 Qxa8 20. Nd2 Bg7 21. b4 Na4 22. c4 Nb6 23. cxb5 Bxb5 24. Nb3 d5 25. exd5 Nfxd5 26. Be4 f5 27. Bf3 e4 28. Be2 Nc3 29. Qd6 Nxe2+ 30. Nxe2 Qd5 31. Qxb6 Bxe2 32. Qe3 Bc4 33. Na5 Bb5 34. Bd2 Rc8 35. Rc1 Rxc1+ 36. Bxc1 Qd1+ 37. Kh2 Be5+ 38. g3 Be2 39. Qb3+ Qxb3 40. Nxb3 Bc4 41. Na5 Bb5 42. Bd2 Kf7 43. Kg2 Ke6 44. f3 Kd5 45. g4 Kd4 46. gxf5 gxf5 47. fxe4 fxe4 48. Kf2 Kd3 49. Be3 Bf6 50. Bc5 Bh4+ 51. Kg2 e3 52. Kf3 e2 53. Bf2 Bxf2 54. Kxf2 Kd2 55. Nb3+ Kd1 0-1

[Event "9th RTU Rapid 2019"]
[Site "Riga"]
[Date "2019.08.04"]
[Round "3.24"]
[White "Stabulnieks, Klavs"]
[Black "Ivbulis, Martins"]
[Result "1-0"]
[WhiteElo "2136"]
[BlackElo "1768"]
[PlyCount "105"]
[EventDate "2019.08.05"]
[EventType "swiss"]
[EventCountry "LAT"]
[TimeControl "5400+30"]
[WhiteClock "0:01:19"]
[BlackClock "0:02:44"]

1. d4 d5 2. c4 e6 3. Nc3 a6 4. g3 Nf6 5. Bg2 dxc4 6. Nf3 c6 7. Ne5 Qc7 8. Nxc4 b5 9. Bf4 Qd8 10. Bxb8 Rxb8 11. Bxc6+ Bd7 12. Ne5 b4 13. Nxd7 Nxd7 14. Ne4 f5 15. Nc5 Bxc5 16. dxc5 Qc7 17. Qa4 Ke7 18. Bxd7 Qxd7 19. Qxa6 Rhc8 20. Rd1 Qc6 21. Qxc6 Rxc6 22. O-O Rxc5 23. Rd2 Rbc8 24. Rfd1 Rc2 25. Kg2 Kf6 26. Kf3 Ke5 27. Ke3 g5 28. Rxc2 Rxc2 29. Rd2 Rc4 30. Kd3 Kd5 31. e3 g4 32. Rc2 Re4 33. Rc7 h5 34. Rd7+ Kc5 35. Rh7 Kb5 36. Rxh5 b3 37. axb3 Kb4 38. Rh7 Kxb3 39. Rb7+ Ka4 40. Kc3 Ka5 41. Rd7 Kb5 42. b3 Kc5 43. Rb7 Re5 44. b4+ Kc6 45. Ra7 Re4 46. Ra5 Kb6 47. Ra8 Kb7 48. Rh8 Kc6 49. h4 gxh3 50. Rxh3 Kb5 51. Rh4 Re5 52. Rd4 Kc6 53. Kc4 1-0

[Event "9th RTU Rapid 2019"]
[Site "Riga"]
[Date "2019.08.04"]
[Round "3.25"]
[White "Indricans, Vadims"]
[Black "Smirnova, Ekaterina"]
[Result "1/2-1/2"]
[WhiteElo "1878"]
[BlackElo "2134"]
[PlyCount "43"]
[EventDate "2019.08.05"]
[EventType "swiss"]
[EventCountry "LAT"]
[TimeControl "5400+30"]
[WhiteClock "0:07:40"]
[BlackClock "0:10:40"]

1. e4 e6 2. d4 d5 3. Nd2 c5 4. c3 cxd4 5. cxd4 dxe4 6. Nxe4 Nc6 7. Nf3 Nf6 8. Nc3 Be7 9. Bb5 O-O 10. O-O a6 11. Ba4 b5 12. Bb3 Nb4 13. Bg5 Bb7 14. Re1 Bxf3 15. Qxf3 Qxd4 16. Rad1 Qa7 17. a3 Nbd5 18. Nxd5 exd5 19. Bxd5 Nxd5 20. Qxd5 Rad8 21. Qe5 Bxg5 22. Qxg5 1/2-1/2

[Event "9th RTU Rapid 2019"]
[Site "Riga"]
[Date "2019.08.04"]
[Round "3.26"]
[White "Bogorad, Michail"]
[Black "Nevednichy, Vladislav"]
[Result "0-1"]
[WhiteElo "1840"]
[BlackElo "2495"]
[PlyCount "66"]
[EventDate "2019.08.05"]
[EventType "swiss"]
[EventCountry "LAT"]
[TimeControl "5400+30"]
[WhiteClock "0:06:09"]
[BlackClock "0:00:58"]

1. e4 c5 2. Nc3 Nc6 3. d3 g6 4. Be3 d6 5. d4 cxd4 6. Bxd4 Nxd4 7. Qxd4 Nf6 8. e5 dxe5 9. Bb5+ Bd7 10. Qxe5 Bc6 11. Rd1 Qb8 12. Nf3 Bg7 13. O-O O-O 14. Bxc6 bxc6 15. Qxb8 Rfxb8 16. b3 e6 17. Na4 Nd5 18. c4 Nc3 19. Nxc3 Bxc3 20. Rd3 Bf6 21. Rfd1 a5 22. Nd4 Ra6 23. g3 a4 24. Nc2 axb3 25. axb3 Ra2 26. Ne3 h5 27. Rb1 c5 28. g4 hxg4 29. Nxg4 Bg7 30. Rbd1 Bd4 31. Rf3 f5 32. Nh6+ Kg7 33. Rh3 Bxf2+ 0-1

[Event "9th RTU Rapid 2019"]
[Site "Riga"]
[Date "2019.08.04"]
[Round "3.27"]
[White "Maklakova, Nellija"]
[Black "Kiik, Kalle"]
[Result "1-0"]
[WhiteElo "1877"]
[BlackElo "2308"]
[PlyCount "56"]
[EventDate "2019.08.05"]
[EventType "swiss"]
[EventCountry "LAT"]
[TimeControl "5400+30"]
[WhiteClock "0:09:13"]
[BlackClock "0:09:45"]

1. c4 e5 2. Nc3 Nf6 3. Nf3 Nc6 4. e3 g6 5. d4 d6 6. d5 Ne7 7. e4 Bg7 8. Be2 O-O 9. Bd2 c6 10. O-O h6 11. Qc1 Kh7 12. Nh4 cxd5 13. exd5 Nd7 14. g3 f5 15. Qc2 Nf6 16. Rac1 Bd7 17. b4 b6 18. Rfe1 Rc8 19. Bf1 e4 20. Ng2 g5 21. g4 Nxg4 22. Nxe4 fxe4 23. Qxe4+ Ng6 24. f3 N4e5 25. f4 Bf5 26. Qe3 gxf4 27. Nxf4 Nxf4 28. Qxf4 Bg6 1-0

[Event "9th RTU Rapid 2019"]
[Site "Riga"]
[Date "2019.08.04"]
[Round "3.28"]
[White "Jeet, Jain"]
[Black "Mohammad Nubairshah Shaikh"]
[Result "1/2-1/2"]
[WhiteElo "1828"]
[BlackElo "2278"]
[PlyCount "127"]
[EventDate "2019.08.05"]
[EventType "swiss"]
[EventCountry "LAT"]
[TimeControl "5400+30"]
[WhiteClock "0:00:12"]
[BlackClock "0:00:18"]

1. e4 c6 2. d4 d5 3. e5 c5 4. dxc5 e6 5. Be3 Nd7 6. Nf3 Bxc5 7. Bxc5 Nxc5 8. Nbd2 Ne7 9. Nb3 Nxb3 10. axb3 Nc6 11. Bd3 O-O 12. O-O f6 13. Qe2 Nb4 14. Rae1 Bd7 15. c3 Nxd3 16. Qxd3 Qc7 17. Re3 Rae8 18. Rfe1 a6 19. Qd4 Bc8 20. g3 Re7 21. Qg4 Ref7 22. R1e2 h6 23. exf6 Rxf6 24. Ne5 Qb6 25. Qd4 Qxb3 26. Kg2 Qb5 27. Nd3 Qc6 28. Ne5 Qc7 29. h4 b6 30. Nd3 a5 31. f4 Bd7 32. Ne5 Bb5 33. Re1 Bd7 34. Ng4 Rf5 35. Ne5 Bc8 36. Ng6 R8f6 37. Ne5 Kh7 38. Nd3 Rf8 39. Ne5 Qc5 40. Nd3 Qxd4 41. cxd4 R5f7 42. Rc1 Ba6 43. Ne5 Re7 44. Rec3 Bb7 45. Rc7 Rfe8 46. h5 Kg8 47. g4 Ba6 48. Kf3 Bc4 49. Rc6 b5 50. Re1 a4 51. Ng6 Ra7 52. f5 a3 53. bxa3 Rxa3+ 54. Kf4 b4 55. Rcxe6 Rxe6 56. fxe6 Ra8 57. e7 Kf7 58. Re5 Ke8 59. Re6 Rb8 60. Ne5 b3 61. Nc6 b2 62. Rd6 b1=Q 63. Rd8+ Kf7 64. e8=Q+ 1/2-1/2

[Event "9th RTU Rapid 2019"]
[Site "Riga"]
[Date "2019.08.04"]
[Round "3.29"]
[White "Blinovs, Artjoms"]
[Black "Afanasiev, Vadim"]
[Result "0-1"]
[WhiteElo "1803"]
[BlackElo "2241"]
[PlyCount "98"]
[EventDate "2019.08.05"]
[EventType "swiss"]
[EventCountry "LAT"]
[TimeControl "5400+30"]
[WhiteClock "0:00:22"]
[BlackClock "0:00:34"]

1. e4 e5 2. Nf3 Nc6 3. Bb5 a6 4. Ba4 Nf6 5. O-O Nxe4 6. d4 b5 7. Bb3 d5 8. dxe5 Be6 9. a4 b4 10. a5 Nc5 11. Bg5 Qd7 12. Nbd2 h6 13. Bh4 g5 14. Bg3 Bg7 15. Re1 O-O 16. h3 Rfe8 17. Nf1 Nxb3 18. cxb3 d4 19. N3d2 Bd5 20. Qh5 Qf5 21. h4 Ne7 22. hxg5 hxg5 23. Rac1 Rac8 24. Nc4 Bxc4 25. Rxc4 c5 26. Rec1 Rc6 27. Rxc5 Rh6 28. Qf3 Qxf3 29. gxf3 Nf5 30. Rc6 Rhe6 31. Nd2 Nxg3 32. fxg3 Rxe5 33. Rxa6 f5 34. Rac6 Re2 35. Rc8 Kf7 36. R1c7+ R8e7 37. Rxe7+ Kxe7 38. a6 d3 39. a7 Bd4+ 40. Kf1 Bxa7 41. Rc7+ Kf6 42. Rxa7 Rxd2 43. Ke1 Re2+ 44. Kd1 Rxb2 45. Ra6+ Ke5 46. Rg6 Kd4 47. Rxg5 Kc3 48. Ke1 Rb1+ 49. Kf2 d2 0-1

[Event "9th RTU Rapid 2019"]
[Site "Riga"]
[Date "2019.08.04"]
[Round "3.30"]
[White "Kirsanova, July"]
[Black "Martinkus, Rolandas"]
[Result "0-1"]
[WhiteElo "1745"]
[BlackElo "2155"]
[PlyCount "51"]
[EventDate "2019.08.05"]
[EventType "swiss"]
[EventCountry "LAT"]
[TimeControl "5400+30"]
[WhiteClock "0:03:51"]
[BlackClock "0:00:25"]

1. c4 e5 2. Nc3 Nc6 3. Nf3 Nf6 4. d4 exd4 5. Nxd4 Bc5 6. e3 O-O 7. Be2 Bxd4 8. exd4 d5 9. cxd5 Nxd5 10. O-O Bf5 11. a3 Nb6 12. d5 Ne5 13. Bf4 Qf6 14. Nb5 c6 15. dxc6 bxc6 16. Nc3 Bg6 17. Be3 Rfd8 18. Qb3 Rab8 19. Qa2 Bf5 20. Rfd1 Bc2 21. Rxd8+ Rxd8 22. Rc1 Bd3 23. Qb3 Bxe2 24. Nxe2 Ng4 25. Bc5 Qe5 26. Bxb6 0-1

[Event "9th RTU Rapid 2019"]
[Site "Riga"]
[Date "2019.08.04"]
[Round "3.31"]
[White "Low, Kevin"]
[Black "Breikss, Peteris"]
[Result "1-0"]
[WhiteElo "2153"]
[BlackElo "1789"]
[PlyCount "51"]
[EventDate "2019.08.05"]
[EventType "swiss"]
[EventCountry "LAT"]
[TimeControl "5400+30"]
[WhiteClock "0:00:28"]
[BlackClock "0:05:59"]

1. e4 c5 2. Nf3 Nc6 3. Bb5 g6 4. c3 Bg7 5. d4 cxd4 6. cxd4 Nf6 7. Nc3 d5 8. e5 Ng4 9. O-O h5 10. Ne1 Be6 11. Nd3 Rc8 12. Nc5 Qb6 13. Nxe6 fxe6 14. Qd3 Kf7 15. Ne2 Nb4 16. Qf3+ Kg8 17. Ba4 Nc2 18. Bxc2 Rxc2 19. h3 Rxe2 20. Qxe2 Qxd4 21. hxg4 hxg4 22. Rd1 Qxe5 23. Qxe5 Bxe5 24. Bg5 Bxb2 25. Rab1 Be5 26. Rxb7 1-0

[Event "9th RTU Rapid 2019"]
[Site "Riga"]
[Date "2019.08.04"]
[Round "3.32"]
[White "Mulevicius, Andrius"]
[Black "Petrovskis, Olegs"]
[Result "1/2-1/2"]
[WhiteElo "1808"]
[BlackElo "2147"]
[PlyCount "68"]
[EventDate "2019.08.05"]
[EventType "swiss"]
[EventCountry "LAT"]
[TimeControl "5400+30"]
[WhiteClock "0:09:16"]
[BlackClock "0:00:14"]

1. e4 c5 2. d3 Nc6 3. Nd2 g6 4. g3 Bg7 5. Bg2 d6 6. Ne2 e6 7. O-O Nge7 8. c3 O-O 9. f4 Rb8 10. g4 f5 11. exf5 exf5 12. g5 Be6 13. Ng3 Bf7 14. Nf3 Re8 15. Bd2 Qb6 16. b3 Nd5 17. Qc2 Ne3 18. Bxe3 Rxe3 19. Rae1 Rbe8 20. Rxe3 Rxe3 21. Kh1 Qa5 22. Rc1 Ne7 23. Nf1 Re6 24. c4 Nc6 25. Qd2 Qxd2 26. N1xd2 Re3 27. Bf1 Nb4 28. Re1 Rxe1 29. Nxe1 Nxa2 30. Bg2 b6 31. Nc2 Nc1 32. Bf1 Bc3 33. Nb1 Be1 34. Nxe1 Nxb3 1/2-1/2